AoeStats
← persephone9

Nomad

503639141Analyzed
3v3 RM · 1mo ago on Sep 1, 2026· 30m 45s· 6 players
Game mode
Random Map
Map size
210×210
Population
200
Speed
Normal
Resources
Standard
Victory
Conquest
Starting age
Dark Age
Ending age
Imperial Age
RankedLock teamsTeams togetherTeam positionsShared explorationLock speedFull tech treeHidden civsTurbo modeCheats
Victory
Defeat
🇨🇭 Muisca · Switzerland
767
+12
🇨🇭 Persians · Switzerland
756
+12
🇺🇸 Bohemians · United States
722
+14
🇧🇷 Tupi · Brazil
677
-13
🇲🇽 Franks · Mexico
665
-12
🇩🇪 Cumans · Germany
664
-21
jose.rodarte
7:31 Loom
18:13 Feudal Age
19:32 Arson
20:47 Fishing Lines
22:24 Wheelbarrow
27:54 Double-Bit Axe
28:05 Stone Mining
28:05 Gold Mining
Tegridade
4:41 Loom
14:33 Feudal Age
15:47 Champi Runner
17:29 Wheelbarrow
17:33 Double-Bit Axe
21:20 Scale Mail Armor
22:14 Arson
Kit_tr
Bukit Matterhorn
4:42 Loom
20:15 Feudal Age
21:40 Wheelbarrow
21:03 Town Watch
21:05 Double-Bit Axe
21:04 Horse Collar
21:16 Gold Mining
21:18 Stone Mining
21:40 Fishing Lines
21:55 Champi Runner
23:39 Forging
23:31 Scale Mail Armor
31:15 Castle Age
30:18 Fletching
Bukit Timah
5:59 Loom
14:50 Feudal Age
15:21 Horse Collar
17:11 Wheelbarrow
18:10 Arson
18:24 Double-Bit Axe
21:31 Gold Mining
21:32 Stone Mining
23:44 Bloodlines
27:50 Man-at-Arms
31:54 Castle Age
persephone9
4:18 Loom
14:00 Feudal Age
14:35 Town Watch
23:26 Castle Age
21:39 Horse Collar
22:38 Double-Bit Axe
23:37 Fletching
26:56 Fervor
26:54 Treadmill Crane
Connection lost

Rejoining the realm…

Still unreachable

The connection could not be restored.

Session expired

The server has moved on; the page needs a fresh start.